 Dungeon Crawl Stone Soup version 0.31-a0-1074-g0b22e4e0f1 (webtiles) character file.

Game seed: 5080397849870620381

3920 ParallaxScroll the Trooper (level 10, -13/106 HPs)
             Began as an Octopode Artificer on Nov 28, 2023.
             Was a Priest of Zin.
             Mangled by an orc warrior
             ... wielding a +0 war axe
              (16 damage)
             ... on level 7 of the Dungeon.
             The game lasted 01:21:58 (10263 turns).

ParallaxScroll the Trooper (Octopode Artificer)    Turns: 10263, Time: 01:21:58

Health: -13/106    AC:  1    Str: 15 (17) XL:     10   Next: 20%
Magic:  13/13      EV: 14    Int: 14 (15) God:    Zin [***...]
Gold:   369        SH:  0    Dex: 15 (16) Spells: 10/11 levels left

rFire   . . .        a - +1 dagger (venom)
rCold   . . .        (no shield)
rNeg    . . .        (helmet restricted)
rPois   .            I - amulet of magic regeneration
rElec   .            B - +6 ring of strength
rCorr   .            (no ring)
SInv    .            (no ring)
Will    .....        (no ring) Stlth
                     (no ring)
HPRegen 0.37/turn    (no ring)
MPRegen 0.53/turn    (no ring)
                     (no ring)

%: no passive effects
@: mighty, berserking, very quick
A: almost no armour, amphibious, 8 rings, camouflage 1, gelatinous body 1,
(nimble swimmer 1), tentacles
a: Renounce Religion, Recite, Vitalisation, Imprison, Donate Gold


You were on level 7 of the Dungeon.
You worshipped Zin.
Zin was most pleased with you.
You visited 1 branch of the dungeon, and saw 9 of its levels.

You collected 410 gold pieces.
You donated 41 gold pieces to Zin.

Inventory:

Hand Weapons
 a - a +1 dagger of venom (weapon)
 b - a +1 sling of flaming
 c - a +0 short sword of electrocution
 d - a +0 shortbow
 u - a +0 long sword
 F - a +0 spear of freezing
 G - a +1 hand axe of freezing
 M - a +2 whip of venom
 N - a +2 halberd of freezing
 O - a +0 orcbow
Missiles
 f - 113 stones
 p - 3 javelins
 D - 7 atropa-tipped darts (quivered)
 E - 33 poisoned darts
 K - 2 throwing nets
Jewellery
 B - a +6 ring of strength (left tentacle)
 I - an amulet of magic regeneration (around mantle)
Wands
 i - a wand of digging (2)
 k - a wand of flame (2)
 t - a wand of roots (7)
 y - a wand of charming (15)
 H - a wand of iceblast (2)
Scrolls
 e - 4 scrolls of fog
 h - 4 scrolls of noise
 l - 5 scrolls of teleportation
 m - a scroll of enchant weapon {unknown}
 n - 2 scrolls of vulnerability {unknown}
 q - a scroll of enchant armour {unknown}
 r - a scroll of amnesia {unknown}
 s - a scroll of silence {unknown}
 x - a scroll of poison {unknown}
 J - 2 scrolls of revelation {unknown}
 L - a scroll of fear {unknown}
Potions
 j - a potion of attraction {unknown}
 o - 2 potions of brilliance
 v - a potion of lignification
 w - a potion of heal wounds {unknown}
 z - a potion of degeneration
 A - a potion of might
 C - 4 potions of curing


   Skills:
 - Level 7.0 Fighting
 - Level 7.0 Short Blades
 - Level 3.1 Ranged Weapons
 - Level 2.0 Throwing
 + Level 4.2 Dodging
 - Level 7.0 Stealth
 - Level 1.0 Spellcasting
 - Level 4.0 Conjurations
 + Level 4.0 Invocations
 + Level 5.9 Evocations


You had 10 spell levels left.
You knew the following spells:

 Your Spells              Type           Power      Damage    Failure   Level
a - Magic Dart            Conj           44%        1d5       4%          1

Your spell library contained the following spells:

 Spells                   Type           Power      Damage    Failure   Level
 Call Imp                 Summ           0%         N/A       36%         2
 Poisonous Vapours        Pois/Air       0%         N/A       36%         2
 Mephitic Cloud           Conj/Pois/Air  4%         N/A       43%         3
 Cause Fear               Hex            0%         N/A       95%         4
 Fireball                 Conj/Fire      3%         3d4       97%         5
 Freezing Cloud           Conj/Ice/Air   2%         6-21      99%         5
 Dragon's Call            Summ           0%         N/A       100%        9


Dungeon Overview and Level Annotations

Branches:
Dungeon (9/15)             Temple (0/1) D:4            Lair (0/5) D:8
    Orc: D:9-12

Altars:
Dithmenos
Trog
Vehumet
Yredelemnul
Zin

Shops:
D:5 [

Annotations:
D:5 exclusions: adder, jelly, 2 lemures, ogre and phantom, Prince Ribbit
D:7 1 exclusion
D:9 2 transporters, GreenGuy14's ghost, novice DrMo


Innate Abilities, Weirdness & Mutations

You cannot wear most types of armour.
You are amphibious.
You can wear up to eight rings at the same time.
Your skin changes colour to match your surroundings (Stealth+).
Your rubbery body absorbs attacks. (AC +1, EV +1)
((You are camouflaged when in or above water. (Stealth+)))
You have tentacles for arms and can constrict up to eight enemies at once.


Message History

The orc hits you with a +0 whip.
You puncture the orc!
You kill the orc!
You puncture the orc priest! Your grab misses the orc priest.
Your tentacle-slap misses the orc priest.
The orc priest is almost dead.
You closely miss the orc priest. You grab the orc priest.
You squeeze the orc priest.
You kill the orc priest!
As you read the scroll of teleportation, it crumbles to dust.
You feel strangely unstable.
Your surroundings suddenly seem different.
You start resting.
The orc warrior is no longer charmed.
The orc warrior hits you with a +0 war axe.
Okay, then.
Unknown command.
You hit the orc warrior but do no damage.
The orc warrior is poisoned.
Your grab misses the orc warrior. You closely miss the orc warrior.
Your grab misses the orc warrior.
The orc warrior hits you with a +0 war axe!
* * * LOW HITPOINT WARNING * * *
You barely miss the orc warrior. You grab the orc warrior.
You constrict the orc warrior, but do no damage.
The orc warrior hits you with a +0 war axe!
* * * LOW HITPOINT WARNING * * *
You hit the orc warrior.
The orc warrior looks even sicker.
The orc warrior is lightly wounded.
You constrict the orc warrior, but do no damage.
A red film seems to cover your vision as you go berserk!
You feel yourself moving faster!
You feel mighty!
You constrict the orc warrior.
The orc warrior hits you with a +0 war axe.
* * * LOW HITPOINT WARNING * * *
You puncture the orc warrior!
The orc warrior looks as sick as possible!
The orc warrior is severely wounded.
You constrict the orc warrior.
The orc warrior hits you with a +0 war axe!
You die...

#.# #.....# #.# #.# #.....#
##### #.# #...#####...## #.##
###.#)#.'....# #..##
#.##..####+#
#...#######.#...# ...
#........#####'## ⌠...⌠
####.#.####..#888.##....⌠..
#....#.......'.o@.8#.YF⌠.o.+
#.#######.#.##888.##..⌠....#
.....#....#.#####'##.⌠...⌠.#
####.#.####....#...#
####.#......##.##..####+####
..##...#######.#)#.'....##.##
#.##.### ##.#####...###..#
#o##.# #...# ##### ##.#
.....# #...# #.# ###


You could see an orc warrior (extremely poisoned).

Vanquished Creatures
  A hornet (D:8)
  Grinder (D:6)
  Sigmund (D:2)
  A wraith (D:9)
  A yak (D:7)
  A steam dragon (D:9)
  2 water moccasins
  2 orc warriors
  A sky beast (D:7)
  2 ice beasts (D:7)
  3 ogres
  4 centaurs
  4 kobold brigands
  A gnoll sergeant (D:8)
  3 bullfrogs
  A scorpion (D:4)
  A jelly (D:7)
  3 hounds
  A gnoll bouda (D:8)
  3 orc priests
  3 sleepcaps
  Jessica (D:3)
  Terence (D:2)
  7 orc wizards
  4 iguanas
  15 gnolls
  3 adders
  2 white imps
  A worm (D:4)
  4 dart slugs
  21 orcs
  6 bats
  6 endoplasms
  4 giant cockroaches
  10 goblins
  11 hobgoblins
  9 jackals
  31 kobolds
  3 quokkas (D:1)
  5 ball pythons
  6 frilled lizards
190 creatures vanquished.

Vanquished Creatures (collateral kills)
  A howler monkey (D:9)
  An orc priest (D:5)
  2 gnolls
  2 shadow imps (D:8)
  2 orcs
  A goblin (D:2)
  A kobold (D:2)
  A frilled lizard (D:1)
11 creatures vanquished.

Vanquished Creatures (others)
  An orc priest (D:7)
  2 orc wizards
  2 gnolls
  An orc (D:3)
  A kobold (D:6)
7 creatures vanquished.

Grand Total: 208 creatures vanquished

Notes
Turn   | Place    | Note
-------+----------+-------------------------------------------
     0 | D:1      | ParallaxScroll the Octopode Artificer began the quest for
                  | the Orb.
     0 | D:1      | Reached XP level 1. HP: 13/13 MP: 1/1
   188 | D:1      | Reached XP level 2. HP: 18/18 MP: 2/2
   270 | D:1      | Found a faded altar of an unknown god.
   372 | D:1      | You fall into a shaft and drop 1 floor!
   394 | D:2      | Reached skill level 1 in Short Blades
   423 | D:2      | Noticed Sigmund
   474 | D:2      | Killed Sigmund
   475 | D:2      | Reached XP level 3. HP: 6/23 MP: 3/3
   475 | D:2      | Reached XP level 4. HP: 8/28 MP: 4/4
   475 | D:2      | Reached XP level 5. HP: 9/33 MP: 5/5
  1288 | D:2      | Noticed Terence
  1536 | D:2      | Killed Terence
  1537 | D:2      | Reached skill level 5 in Short Blades
  1537 | D:2      | Reached XP level 6. HP: 39/39 MP: 6/6
  2143 | D:3      | Noticed Jessica
  2146 | D:3      | Reached skill level 1 in Ranged Weapons
  2171 | D:3      | Killed Jessica
  2304 | D:3      | Found a glowing silver altar of Zin.
  2317 | D:3      | Found a shadowy altar of Dithmenos.
  2325 | D:3      | Became a worshipper of Zin the Law-Giver
  2325 | D:3      | Reached * piety under Zin
  2714 | D:3      | Found a glowing silver altar of Zin.
  2716 | D:3      | Found a shadowy altar of Dithmenos.
  3015 | D:4      | Reached XP level 7. HP: 38/46 MP: 7/7
  3296 | D:4      | Found a staircase to the Ecumenical Temple.
  3924 | D:4      | Reached skill level 5 in Evocations
  4081 | D:5      | Entered Level 5 of the Dungeon
  4404 | D:5      | Reached XP level 8. HP: 19/54 MP: 8/8
  4671 | D:5      | Found a radiant altar of Vehumet.
  4687 | D:5      | Reached skill level 5 in Fighting
  4876 | D:5      | Found Kopsuriq's Antique Armour Shoppe.
  4918 | D:5      | Noticed Prince Ribbit
  4961 | D:5      | Learned a level 1 spell: Magic Dart
  5089 | D:5      | Reached skill level 1 in Conjurations
  6244 | D:6      | Reached ** piety under Zin
  6334 | D:6      | Noticed Grinder
  6337 | D:6      | Paralysed by Grinder for 2 turns
  6346 | D:6      | Killed Grinder
  6347 | D:6      | Reached skill level 1 in Throwing
  6565 | D:7      | Reached XP level 9. HP: 62/62 MP: 11/11
  7909 | D:8      | Reached skill level 5 in Stealth
  7922 | D:8      | Found a basalt altar of Yredelemnul.
  8047 | D:8      | Noticed a hornet
  8052 | D:8      | Killed a hornet
  8304 | D:8      | Found a staircase to the Lair.
  8829 | D:9      | Found a transporter.
  8855 | D:9      | Reached XP level 10. HP: 64/69 MP: 13/13
  8890 | D:9      | Reached skill level 1 in Spellcasting
  9201 | D:9      | Noticed a tengu warrior
  9202 | D:9      | Noticed a moth of wrath
  9203 | D:9      | Noticed a two-headed ogre
  9203 | D:9      | Noticed a two-headed ogre
  9212 | D:9      | Found a bloodstained altar of Trog.
  9213 | D:9      | Noticed GreenGuy14's ghost (novice DrMo)
  9223 | D:9      | Found a transporter.
  9923 | D:9      | Reached *** piety under Zin
 10262 | D:7      | HP: 3/106 [orc warrior/+0 war axe (5)]
 10263 | D:7      | Mangled by an orc warrior

Illustrated notes

Levels and vault maps discovered:
D:1:      nzn_arrival_water_spiral, layout_rooms, basic_ecumenical_altar,
          nicolae_figureground_sparkle
D:2:      layout_basic, uniq_terence, uniq_sigmund
D:3:      layout_rooms, mainiacjoe_overflow_big_doors, uniq_jessica
D:4:      layout_basic, lemuel_temple_firewalk_b
D:5:      layout_rooms, mainiacjoe_overflow_catwalk, serial_shops, shop,
          uniq_pikel, uniq_prince_ribbit1
D:6:      layout_basic, uniq_grinder
D:7:      minmay_chambers_of_sevens, layout_loops_cross, enter_bailey_1
D:8:      layout_basic, mainiacjoe_overflow_surrounded_room, lair_entry_dummy
D:9:      layout_basic, gammafunk_ghost_wrathful_warriors

Skill      XL: |  1  2  3  4  5  6  7  8  9 10 |
---------------+-------------------------------+-----
Short Blades   | 4 5 6 7 |  7.0
Stealth        | 2 3 6 7 |  7.0
Fighting       | 2 3 4 6 7 |  7.0
Ranged Weapons | 2 3 |  3.1
Evocations     | 4 5 |  5.9
Dodging        | 3 4 |  4.2
Conjurations   | 3 4 |  4.0
Throwing       | 1 2 |  2.0
Invocations    | 3 4 |  4.0
Spellcasting   | 1 |  1.0

Action                     |  1- 3 |  4- 6 |  7- 9 | 10-12 || total
---------------------------+-------+-------+-------+-------++-------
  Melee: Club              |    15 |       |       |       ||    15
         Constrict         |     4 |    24 |    39 |     8 ||    75
         Tentacles         |     3 |    23 |    57 |    18 ||   101
         Short sword       |    14 |   106 |   117 |     9 ||   246
         Dagger            |       |       |    74 |    35 ||   109
         Punch             |       |       |     3 |       ||     3
   Fire: Sling             |       |    58 |   100 |       ||   158
         Shortbow          |       |    16 |    32 |       ||    48
  Throw: Stone             |       |     1 |       |       ||     1
         Dart              |       |       |     6 |     3 ||     9
   Cast: Magic Dart        |       |       |    29 |     9 ||    38
 Invoke: Vitalisation      |       |       |     3 |     2 ||     5
  Evoke: Wand              |     9 |     6 |    18 |     8 ||    41
    Use: Scroll            |       |     2 |     3 |     2 ||     7
         Potion            |       |       |       |     5 ||     5
   Stab: Sleeping          |     2 |     6 |     9 |       ||    17
         Distracted        |       |     1 |       |       ||     1
         Invisible         |       |       |       |     1 ||     1
 Armour: Skin              |    16 |    40 |    83 |    38 ||   177
  Dodge: Dodged            |    23 |    56 |    80 |    23 ||   182

Table legend: (Time is in decaauts)
 A = Elapsed time spent in this place.
 B = Non-inter-level travel time spent in this place.
 C = Inter-level travel time spent in this place.
 D = Time resting spent in this place.
 E = Time spent auto-exploring this place.
 F = Levels seen in this place.
 G = Mean time per level.
                   A        B        C        D        E       F      G
               +--------+--------+--------+--------+--------+-----+--------+
         Total |  10185 |   8842 |   1343 |   2468 |   4545 |   9 | 1131.7 |
       Dungeon |  10185 |   8842 |   1343 |   2468 |   4545 |   9 | 1131.7 |
               +--------+--------+--------+--------+--------+-----+--------+

Top non-repeatable levels by time:
     D:4: 1407 daAuts
     D:7: 1376 daAuts
     D:8: 1208 daAuts
     D:6: 1185 daAuts
     D:2: 1175 daAuts
     D:5: 1143 daAuts
     D:9: 1075 daAuts
     D:3: 906 daAuts
     D:1: 707 daAuts
